Map: Bel'Shir Vestige LE (Void)

Players

Shinø

  • Race: Zerg Zerg
  • League: Grandmaster
  • Spawn Location: 5:00

Railgan - Winner!

  • Race: Zerg Zerg
  • League: Grandmaster
  • Spawn Location: 11:00

VOD

Have the link to the VOD?

Description

Time

  • Played on: March 11, 2017, 3:38 p.m.
  • Length: 9:30
Show
View Real Time Build Order
Export as new Build Order

Shinø Zerg 

Build Orders: Hatch First 

Get SALT Encoding   

  12  0:00  Drone  
  13  0:13  Overlord  
  13  0:18  Drone  
  14  0:33  Drone x2  
  16  0:35  Drone  
  17  0:53  Drone  
  17  0:55  Hatchery  
  17  0:57  Drone  
  18  1:07  Extractor  
  17  1:12  Spawning Pool  
  17  1:16  Drone  
  17  1:19  Drone  
  18  1:29  Drone  
  19  1:39  Hatchery  
  19  1:45  Overlord  
  19  2:00  Queen  
  21  2:01  Zergling x2  
  21  2:04  Drone  
  21  2:08  Metabolic Boost  
  23  2:14  Drone  
  24  2:24  Drone  
  25  2:34  Drone  
  26  2:44  Zergling x2  
  26  2:47  Queen  
  29  2:51  Zergling x2  
  29  2:56  Zergling x2  
  31  2:59  Baneling Nest  
  31  3:04  Zergling x2  
  31  3:08  Zergling x2  
  31  3:12  Extractor  
  31  3:16  Baneling Nest  
  31  3:18  Zergling x4  
  31  3:19  Zergling x4  
  36  3:30  Overlord x2  
  35  3:36  Drone  
  35  3:39  Hatchery  
  35  3:40  Drone  
  35  3:49  Drone  
  35  3:50  Drone  
  35  3:51  Drone x2  
  35  3:53  Drone  
  39  3:57  Drone x2  
  39  3:58  Drone x2  
  39  4:02  Drone  
  40  4:11  Drone x2  
  40  4:20  Drone x2  
  40  4:21  Lair  
  40  4:23  Extractor  
  40  4:24  Extractor  
  40  4:30  Zergling x2  
  40  4:31  Evolution Chamber  
  39  4:32  Evolution Chamber, Zergling x2  
  39  4:41  Zergling x4  
  39  4:44  Zergling x2  
  39  4:45  Zergling x10  
  48  4:54  Zergling x2  
  46  5:07  Queen  
  46  5:11  Drone x2  
  46  5:12  Drone  
  46  5:13  Drone  
  52  5:14  Drone x2  
  52  5:15  Drone  
  52  5:17  Drone  
  53  5:30  Drone x2  
  53  5:39  Zerg Missile Weapons Level 1, Zerg Ground Armor Level 1  
  53  5:41  Roach Warren  
  49  5:48  Drone x2  
  49  5:49  Extractor  
  49  5:50  Extractor, Drone x4  
  49  5:52  Extractor  
  49  5:53  Drone x2  
  49  5:54  Drone x3  
  56  6:02  Overlord  
  56  6:03  Extractor, Overlord  
  55  6:09  Drone x2  
  57  6:16  Overlord x2  
  55  6:24  Roach x8  
  66  6:26  Roach  
  66  6:28  Roach  
  66  6:30  Glial Reconstitution  
  68  6:35  Roach  
  68  6:37  Roach  
  72  6:40  Roach  
  72  6:41  Roach  
  72  6:46  Roach x2  
  80  6:51  Roach x2  
  84  7:03  Overlord  
  84  7:04  Overlord  
  83  7:17  Hatchery  
  78  7:31  Drone x3  
  78  7:33  Drone  
  78  7:36  Roach x2  
  86  7:41  Roach  
  88  7:47  Ravager x4  
  88  7:50  Hatchery  
  91  7:57  Overseer  
  91  7:58  Overseer  
  91  8:02  Roach x4  
  56  8:27  Roach  
  56  8:28  Roach x6  
  62  8:41  Drone  
  62  8:42  Drone x3  
  62  8:43  Drone  
  67  8:52  Drone x3  
  70  8:56  Roach  
  70  8:58  Ravager x2  
  70  9:00  Ravager  
  75  9:07  Drone  
Show
View Real Time Build Order
Export as new Build Order

Railgan Zerg - Winner!

Build Orders: Hatch First, Lurkers 

Get SALT Encoding   

  12  0:01  Drone  
  13  0:12  Overlord  
  13  0:17  Drone  
  14  0:31  Drone x2  
  14  0:34  Drone  
  17  0:53  Hatchery  
  17  0:55  Drone  
  17  0:57  Drone  
  18  1:09  Extractor  
  17  1:13  Spawning Pool  
  17  1:16  Drone  
  17  1:18  Drone  
  18  1:28  Drone  
  19  1:38  Overlord  
  19  1:59  Zergling x2  
  19  2:00  Zergling x2, Queen  
  23  2:08  Queen  
  23  2:12  Drone  
  26  2:15  Baneling Nest  
  26  2:19  Drone x2, Spine Crawler  
  26  2:26  Drone  
  27  2:31  Zergling x2  
  27  2:36  Queen  
  30  2:39  Metabolic Boost  
  32  3:00  Drone x2  
  32  3:04  Drone x2  
  35  3:09  Overlord  
  35  3:13  Drone  
  34  3:21  Overlord  
  34  3:22  Lair  
  34  3:23  Drone x2  
  36  3:30  Drone x3  
  36  3:33  Baneling  
  36  3:34  Baneling  
  38  3:37  Drone  
  38  3:40  Zergling x2  
  40  3:43  Zergling x4  
  41  3:55  Drone x4  
  43  4:02  Drone  
  43  4:03  Drone x2  
  43  4:05  Drone  
  43  4:06  Drone  
  44  4:14  Drone x2  
  46  4:21  Drone  
  46  4:24  Extractor  
  45  4:25  Drone  
  45  4:28  Extractor  
  45  4:32  Drone  
  45  4:35  Drone x3  
  45  4:36  Extractor  
  48  4:38  Hatchery  
  48  4:42  Hydralisk Den  
  48  4:44  Drone  
  47  4:47  Drone  
  47  4:48  Overlord  
  48  4:53  Drone  
  48  4:56  Drone  
  48  4:57  Drone  
  50  5:03  Zergling x2  
  49  5:07  Drone x2  
  49  5:09  Zergling x2  
  49  5:10  Zergling x2  
  49  5:11  Drone x2  
  49  5:13  Zergling x2  
  49  5:14  Zergling x2  
  57  5:21  Zergling x2  
  58  5:22  Baneling  
  58  5:23  Lurker Den  
  58  5:27  Zergling x2  
  56  5:36  Drone  
  56  5:40  Drone  
  56  5:41  Drone  
  59  5:44  Overlord x2  
  59  5:48  Overlord  
  59  5:49  Overlord  
  59  5:53  Evolution Chamber, Overlord  
  59  5:54  Evolution Chamber  
  57  6:00  Overlord  
  57  6:01  Queen  
  57  6:02  Drone x2  
  57  6:03  Hydralisk x2  
  65  6:06  Hydralisk  
  65  6:08  Drone  
  65  6:10  Hydralisk  
  70  6:16  Drone  
  70  6:17  Zergling x2  
  70  6:18  Zergling x2  
  73  6:28  Zergling x6  
  73  6:32  Drone x2, Overlord  
  78  6:37  Hydralisk  
  80  6:43  Zergling x6  
  81  6:52  Lurker x4  
  84  6:54  Zergling x4  
  84  6:55  Zergling x4  
  84  6:57  Hydralisk x2, Muscular Augments  
  84  7:00  Drone  
  93  7:03  Zerg Missile Weapons Level 1  
  93  7:05  Zergling x4  
  94  7:21  Hydralisk  
  96  7:22  Zergling x2  
  96  7:23  Zergling x8  
  96  7:25  Lurker x2  
  96  7:27  Zergling x10  
  96  7:28  Zergling x2  
  106  7:30  Overlord  
  106  7:33  Zergling x2  
  108  7:37  Lurker  
  108  7:40  Zergling x2  
  108  7:45  Zergling x8  
  108  7:50  Roach Warren  
  104  8:06  Zergling x2  
  104  8:07  Zergling x10  
  104  8:08  Zergling x2  
  104  8:09  Zergling x2  
  104  8:10  Hydralisk x2  
  104  8:11  Hydralisk  
  102  8:22  Zergling x10  
  102  8:23  Zergling x2  
  94  8:31  Zergling x2  
  85  8:38  Zergling x2  
  86  8:41  Zergling x4  
  86  8:49  Hydralisk x5  
  94  8:56  Drone x2  
  94  8:57  Drone x2  
  94  8:58  Overlord  
  94  9:02  Lurker x2  
  101  9:03  Lurker  
  101  9:04  Drone x4  
  101  9:07  Extractor  
  101  9:08  Extractor  
  103  9:11  Zergling x10  
Tags
 
Add a new tag
Caveats
  • Supply blocks, unpowered buildings, or Contaminate may cause inaccurate times.
  • Supply counts are checked every 10 seconds.